 Dungeon Crawl Stone Soup version 0.23-a0-54-gae6112e (webtiles) character file.

12 wazuzu the Magician (level 2, 17/17 HPs)
             Began as an Octopode Wanderer on Aug 8, 2018.
             Quit the game on level 1 of the Dungeon.
             The game lasted 00:01:31 (373 turns).

wazuzu the Magician (Octopode Wanderer)              Turns: 373, Time: 00:01:31

Health: 17/17      AC:  1    Str:  8    XL:     2   Next: 33%
Magic:  1/7        EV: 12    Int: 17    God:
Gold:   34         SH:  0    Dex: 11    Spells: 8/9 levels left

rFire    . . .     SeeInvis .   a - +0 spear (pierce)
rCold    . . .     Gourm    .   (no shield)
rNeg     . . .     Faith    .   (helmet restricted)
rPois    .         Spirit   .   (no amulet)
rElec    .         Reflect  .   (no ring)
rCorr    .         Harm     .   (no ring)
MR       .....                  (no ring)
Stlth    +++.......             (no ring)
HPRegen  0.05/turn              (no ring)
MPRegen  0.10/turn              (no ring)
                                (no ring)
                                (no ring)

@: very slightly contaminated
A: almost no armour, stealthy swim, amphibious, 8 rings, constrict 8, camouflage
1, gelatinous body 1
a: no special abilities


You were on level 1 of the Dungeon.
You were not hungry.

You visited 1 branch of the dungeon, and saw 1 of its levels.

You collected 34 gold pieces.

Inventory:

Hand Weapons
 a - a +0 spear of piercing (weapon)
Missiles
 e - 2 throwing nets (quivered)
Scrolls
 b - 3 scrolls of teleportation {unknown}
Potions
 c - a potion of curing
 d - 2 potions of haste {unknown}
Comestibles
 f - a ration


   Skills:
 + Level 3.5 Stealth
 + Level 4.2 Spellcasting
   Level 2.0 Necromancy
 - Level 2.0 Air Magic


You had 8 spell levels left.
You knew the following spells:

 Your Spells              Type           Power        Failure   Level  Hunger
z - Shock                 Conj/Air       #...         11%         1    None

Your spell library contained the following spells:

 Spells                   Type           Power        Failure   Level  Hunger
 Lightning Bolt           Conj/Air       #.........   96%         5    ######.
 Pain                     Necr           ##..         7%          1    None
 Vampiric Draining        Necr           ##........   21%         3    ###....
 Swiftness                Chrm/Air       #.......     16%         2    ##.....
 Airstrike                Air            ##........   56%         4    ####...
 Static Discharge         Conj/Air       #.......     30%         3    ###....


Dungeon Overview and Level Annotations

Branches:
Dungeon (1/15)

Altars:


Innate Abilities, Weirdness & Mutations

You cannot wear most types of armour.
You are very stealthy in the water. (Stealth+)
You are amphibious.
You can wear up to eight rings at the same time.
You can use your tentacles to constrict eight enemies at once.
Your skin changes colour to match your surroundings (Stealth+).
Your rubbery body absorbs attacks. (AC +1, EV +1)


Message History

You are very lightly contaminated with residual magic.
There is a short, sharp shower of sparks.
The bat misses you. The bat barely misses you.
Casting: Shock (safe; 11% risk of failure)
Confirm with . or Enter, or press ? or * to list all spells.
Aiming: Shock (safe; 11% risk of failure)
Press: ? - help, Shift-Dir - straight line, f/p - bat
Aim: a bat The zap hits the bat.
You kill the bat!
Casting: Shock (safe; 11% risk of failure)
Confirm with . or Enter, or press ? or * to list all spells.
Aiming: Shock (safe; 11% risk of failure)
Press: ? - help, Shift-Dir - straight line, f - hobgoblin
Aim: a hobgoblin (heavily wounded)
The zap hits the hobgoblin.
You kill the hobgoblin!
No target in view!
No target in view!
Are you sure you want to abandon this character and quit the game? (Confirm with "yes".)

#....... #.##### #.......
#######.#...# #.......
........#.#.# #.......
........#.#.# #.......
........#.#.# #.......
........#.#.#####.......
......†.#.#...[...###.##
.....†.@#.#######.# #.#
................#.# #.# #
#########.##.#..#.# #.#
###.##### #...#.#..#.# #.#
........######.....#..#.###.#
...........................>#
##.###..###.#.#......#.#####
#....#.###.........##.#####
####.#..##...)............##


There were no monsters in sight!

Vanquished Creatures
  A leopard gecko (D:1)
  4 goblins (D:1)
  2 hobgoblins (D:1)
  A bat (D:1)
  2 rats (D:1)
10 creatures vanquished.

Notes
Turn   | Place    | Note
-------+----------+-------------------------------------------
     0 | D:1      | wazuzu the Octopode Wanderer began the quest for the Orb.
     0 | D:1      | wazuzu set off with: a potion of curing, a +0 dagger, a ration
     0 | D:1      | Reached XP level 1. HP: 11/11 MP: 5/5
     9 | D:1      | Learned a level 1 spell: Shock
   175 | D:1      | Reached XP level 2. HP: 17/17 MP: 1/7
   373 | D:1      | Quit the game

Vault maps used:
D:1:      minmay_arrival_four_circles

Skill      XL: |  1 |
---------------+----+-----
Stealth        | 3 |  3.5
Spellcasting   | |  4.2
Necromancy     | |  2.0
Air Magic      | |  2.0

Action                   || total
-------------------------++-------
Melee: Spear             ||     2
       Constrict         ||     1
       Tentacles         ||     1
 Cast: Shock             ||    21
Armor: Skin              ||     1
Dodge: Dodged            ||     5

Table legend:
 A = Spawn XP
 B = Non-spawn XP
 C = Spawn XP percentage of total XP
 D = Spawn monster count
 E = Non-spawn monster count
 F = Spawn count percentage of total count
 G = Total turns spent on level
                    A         B        C        D         E        F      G
               +---------+---------+-------+---------+---------+-------+---------
         Total |       0 |      18 |   0.0 |       0 |      10 |   0.0 |   373
               +---------+---------+-------+---------+---------+-------+---------
           D:1 |       0 |      18 |   0.0 |       0 |      10 |   0.0 |   373
               +---------+---------+-------+---------+---------+-------+---------
